 Dungeon Crawl Stone Soup version 0.20.1-1-g8b1a95d (webtiles) character file.

872 gobwax the Chiller (level 8, -1/46 HPs)
             Began as an Octopode Ice Elementalist on July 21, 2017.
             Killed from afar by an electric eel (11 damage)
             ... with a bolt of electricity
             ... on level 6 of the Dungeon.
             The game lasted 00:19:21 (5531 turns).

gobwax the Chiller (Octopode Ice Elementalist)      Turns: 5531, Time: 00:19:22

Health: -1/46      AC:  1    Str:  7    XL:     8   Next: 4%
Magic:  0/16       EV: 13    Int: 20    God:
Gold:   437        SH:  0    Dex: 12    Spells: 6/17 levels left

rFire    . . .     SeeInvis .   m - staff of conjuration
rCold    . . .     Gourm    .   (no shield)
rNeg     + . .     Faith    .   (helmet restricted)
rPois    +         Spirit   .   (no amulet)
rElec    .         Reflect  .   n - ring of positive energy
rCorr    .         Harm     .   q - ring of poison resistance
MR       .....                  (no ring)
Stlth    +++.......             (no ring)
Regen    0.2/turn               (no ring)
MPRegen  0.2/turn               (no ring)
                                (no ring)
                                (no ring)

@: very slightly contaminated
A: almost no armour, stealthy swim, amphibious, 8 rings, constrict 8, camouflage
1, gelatinous body 1
a: no special abilities


You were on level 6 of the Dungeon.
You were very hungry.

You visited 1 branch of the dungeon, and saw 6 of its levels.
You also visited: Ossuary.

You collected 437 gold pieces.

Inventory:

Magical Staves
 m - an uncursed staff of conjuration (weapon)
Jewellery
 n - a ring of positive energy (left tentacle)
 q - a ring of poison resistance (right tentacle)
Wands
 s - a wand of digging (14/24)
 t - a wand of lightning (10/15)
 w - a wand of disintegration (8/24)
 A - a wand of flame (29/48)
Scrolls
 d - 4 scrolls of identify
 e - 4 scrolls of teleportation
 f - a scroll of magic mapping
 i - a scroll of remove curse
 y - a scroll of enchant armour {unknown}
Potions
 c - 7 potions of curing
 g - a potion of mutation {unknown}
 h - 2 potions of might {unknown}
 k - a potion of berserk rage {unknown}
 o - 4 potions of heal wounds {unknown}
 p - a potion of lignification {unknown}
 r - a potion of magic {unknown}
 u - a potion of brilliance {unknown}
 v - a potion of cancellation {unknown}
 x - a potion of flight {unknown}
Books
 a - a book of Frost

   Spells                             Type                      Level
   a - Freeze                         Ice                          1
   b - Throw Frost                    Conjuration/Ice              2
   c - Ozocubu's Armour               Charms/Ice                   3
   d - Throw Icicle                   Conjuration/Ice              4
   e - Summon Ice Beast               Ice/Summoning                4
Comestibles
 b - 5 bread rations
 j - 4 meat rations
 l - 3 royal jellies
 z - 3 fruits


   Skills:
 - Level 2.0 Dodging
 - Level 2.6 Stealth
 + Level 5.4 Spellcasting
 * Level 3.7 Conjurations
 - Level 0.2 Summonings
 + Level 6.3 Ice Magic
 + Level 0.2 Evocations


You had 6 spell levels left.
You knew the following spells:

 Your Spells              Type           Power        Failure   Level  Hunger
a - Freeze                Ice            ####         1%          1    None
b - Throw Frost           Conj/Ice       #####.       1%          2    None
c - Throw Icicle          Conj/Ice       #####...     14%         4    ####...
d - Summon Ice Beast      Ice/Summ       ###.....     28%         4    ####...


Dungeon Overview and Level Annotations

Branches:
Dungeon (6/15)
 Temple: D:4-7

Altars:
Ru

Shops:
D:4 *

Annotations:
D:4 Heedrag's ghost, novice MiFi
D:6 1 transporter


Innate Abilities, Weirdness & Mutations

You cannot wear most types of armour.
You are very stealthy in the water. (Stealth+)
You are amphibious.
You can wear up to eight rings at the same time.
You can use your tentacles to constrict eight enemies at once.
Your skin changes colour to match your surroundings (Stealth+).
Your rubbery body absorbs attacks. (AC +1, EV +1)


Message History

t - Shout!
Orders for allies: a - Attack new target. p - Attack previous target. r - Retreat! s - Stop attacking. g - Guard the area. f - Follow me.
Anything else - Cancel.
Gang up on whom?
Press: ? - help, Dir - move target cursor, f - electric eel, p - electric eel
Aim: an electric eel Attack!
The electric eel shoots out a bolt of lightning at you!
The bolt of electricity hits you! x2
The electric eel shoots out a bolt of lightning at you!
The bolt of electricity hits you!
* * * LOW HITPOINT WARNING * * *
The bolt of electricity hits your ice beast. x2
Your ice beast dies!
The electric eel shoots out a bolt of lightning at you!
The bolt of electricity hits your ice beast.
The bolt of electricity hits you!
You die...

#### ... ####.#
##....#
##########.....##
...........©....#
######..#######.#####
#####...#8...8#.....##
........#P@..P#......
#####...###Y###.....#
##..#;...≈#.....#
##.#;...≈#.....# #.#
####.#≈≈;≈≈#.....#
#####.#
#....#≈≈♣≈≈#.....#
....#.#
#.##.#≈≈P≈≈#..####
###.#.#
#.##.#≈≈≈≈≈#)#.####
#.#.#
#.##.#≈P≈P≈#.##...#


You could see 3 electric eels and a friendly ice beast.

Vanquished Creatures
  Sigmund (D:5)
  3 scorpions
  A crimson imp (D:5)
  An orc wizard (D:4)
  Jessica (D:3)
  Natasha (twice) (D:2)
  2 worker ants (D:4)
  Ijyb (D:3)
  Robin (D:3)
  2 gnolls (D:5)
  6 adders
  2 adder zombies
  2 dart slugs
  2 leopard geckos
  9 orcs
  5 giant cockroaches
  A gnoll zombie (Ossuary)
  18 goblins
  12 hobgoblins
  6 jackals
  A ball python (D:5)
  9 bats
  4 frilled lizards
  9 kobolds
  A leopard gecko skeleton (D:5)
  9 rats
111 creatures vanquished.

Vanquished Creatures (collateral kills)
  An ogre (D:6)
  An orc wizard (D:6)
  An iguana (D:6)
  8 mummies (Ossuary)
  A gnoll (D:5)
  A howler monkey skeleton (D:6)
  An adder (D:6)
  An adder skeleton (D:6)
  A quokka (D:6)
  A bat (D:6)
  A gnoll zombie (Ossuary)
  4 hobgoblin zombies (Ossuary)
  2 kobold zombies (Ossuary)
24 creatures vanquished.

Grand Total: 135 creatures vanquished

Notes
Turn   | Place    | Note
-------+----------+-------------------------------------------
     0 | D:1      | gobwax the Octopode Ice Elementalist began the quest for the Orb.
     0 | D:1      | Reached XP level 1. HP: 11/11 MP: 3/3
   246 | D:1      | Reached XP level 2. HP: 3/17 MP: 0/5
   367 | D:1      | Learned a level 2 spell: Throw Frost
  1086 | D:1      | Reached XP level 3. HP: 21/21 MP: 1/6
  1097 | D:1      | Reached skill level 4 in Ice Magic
  1498 | D:2      | Noticed Natasha
  1505 | D:2      | Killed Natasha
  1505 | D:2      | Reached XP level 4. HP: 24/27 MP: 2/8
  1733 | D:2      | Noticed Natasha
  1738 | D:2      | Killed Natasha
  1762 | D:2      | Reached XP level 5. HP: 31/31 MP: 7/10
  1768 | D:2      | Learned a level 4 spell: Throw Icicle
  1883 | D:3      | Noticed Robin
  2108 | D:3      | Killed Robin
  2514 | D:3      | Noticed Jessica
  2526 | D:3      | Killed Jessica
  2895 | D:3      | Reached skill level 5 in Ice Magic
  2895 | D:3      | Reached XP level 6. HP: 20/36 MP: 3/12
  3073 | D:3      | Noticed Ijyb
  3090 | D:3      | Killed Ijyb
  3466 | D:4      | Found Ecaosueg's General Store.
  3679 | D:4      | Reached XP level 7. HP: 41/41 MP: 7/13
  3762 | D:4      | Noticed Heedrag's ghost (novice MiFi)
  3766 | D:5      | Entered Level 5 of the Dungeon
  4008 | D:5      | Noticed Sigmund
  4015 | D:5      | Killed Sigmund
  4015 | D:5      | Reached skill level 5 in Spellcasting
  4021 | D:5      | Found a sand-covered staircase.
  4136 | D:5      | Learned a level 4 spell: Summon Ice Beast
  4154 | Ossuary  | Entered an ossuary
  4768 | D:5      | Reached skill level 6 in Ice Magic
  5237 | D:6      | Found a transporter.
  5270 | D:6      | Found a sacrificial altar of Ru.
  5282 | D:6      | Reached XP level 8. HP: 46/46 MP: 10/16
  5508 | D:6      | Found a transporter.
  5531 | D:6      | Killed from afar by an electric eel

Skill      XL: |  1  2  3  4  5  6  7 |
---------------+----------------------+-----
Ice Magic      | 4 5 6 |  6.3
Spellcasting   | 3 4 5 |  5.4
Conjurations   | 2 3 |  3.7
Dodging        | |  2.0
Stealth        | |  2.6
Summonings     | |  0.2
Evocations     | |  0.2

Action                   |  1- 3 |  4- 6 |  7- 9 || total
-------------------------+-------+-------+-------++-------
Melee: Unarmed           |    11 |    36 |     6 ||    53
       Constrict         |     4 |    12 |     4 ||    20
       Tentacles         |     3 |     8 |     3 ||    14
       Staff             |       |       |     4 ||     4
 Cast: Freeze            |    33 |    77 |    13 ||   123
       Throw Frost       |     9 |    33 |    14 ||    56
       Throw Icicle      |       |     1 |     6 ||     7
       Summon Ice Beast  |       |       |    20 ||    20
Evoke: Wand              |       |     2 |       ||     2
  Use: Scroll            |       |     2 |    11 ||    13
       Potion            |       |     1 |       ||     1
 Stab: Sleeping          |       |     1 |       ||     1
  Eat: Chunk             |     2 |     8 |     3 ||    13
       Meat ration       |       |       |     1 ||     1
       Royal jelly       |       |       |     1 ||     1
Armor: Skin              |     8 |     2 |     3 ||    13
Dodge: Dodged            |    33 |    55 |    27 ||   115
